 Dungeon Crawl Stone Soup version 0.23.2-33-g5129a83184 (webtiles) character file.

Game seed: 12558348882235363586

6755 MalarOregon the Geomancer (level 11, -7/95 HPs)
             Began as a Ghoul Earth Elementalist on July 8, 2019.
             Was a Believer of Yredelemnul.
             Mangled by a wight
             ... wielding a +0 dire flail
              (14 damage)
             ... on level 10 of the Dungeon.
             The game lasted 00:50:19 (15960 turns).

MalarOregon the Geomancer (GhEE)                   Turns: 15960, Time: 00:50:20

Health: -7/95      AC:  5    Str: 13    XL:     11   Next: 4%
Magic:  1/20       EV: 12    Int: 13    God:    Yredelemnul [**....]
Gold:   421        SH:  5    Dex:  9    Spells: 12/23 levels left

rFire    . . .     SeeInvis .     - Unarmed
rCold    + . .     Gourm    .   (no shield)
rNeg     + + +     Faith    .   n - +2 robe {rN+}
rPois    ∞         Spirit   .   (no helmet)
rElec    .         Reflect  +   (no cloak)
rCorr    .         Harm     .   x - +0 pair of gloves
MR       +....                  (no boots)
Stlth    ++........             r - +5 amulet of reflection
HPRegen  0.00/turn              l - ring of protection from magic
MPRegen  0.17/turn              A - ring of wizardry

@: rotting, slowed, very slow
A: rotting body, claws 1, carnivore, cold resistance 1, negative energy
resistance 3, inhibited regeneration, torment resistance, unbreathing
a: Animate Remains, Recall Undead Slaves, Injury Mirror, Renounce Religion


You were on level 10 of the Dungeon.
You worshipped Yredelemnul.
Yredelemnul was pleased with you.
You were not hungry.

You visited 2 branches of the dungeon, and saw 11 of its levels.

You collected 421 gold pieces.

Inventory:

Armour
 i - a +2 robe of fire resistance
   (You found it on level 5 of the Dungeon)
 n - a +2 robe of positive energy (worn)
   (You took it off Jessica on level 2 of the Dungeon)
 x - a +0 pair of gloves (worn)
   (You found it on level 4 of the Dungeon)
 z - a +0 shield
   (You found it on level 5 of the Dungeon)
 D - a +0 buckler
   (You found it on level 6 of the Dungeon)
Jewellery
 l - a ring of protection from magic (left hand)
   (You found it on level 2 of the Dungeon)
 o - an uncursed ring of ice
   (You found it on level 4 of the Dungeon)
 r - a +5 amulet of reflection (around neck)
   (You found it on level 3 of the Dungeon)
 y - an uncursed amulet of regeneration {unknown}
   (You found it on level 5 of the Dungeon)
 A - a ring of wizardry (right hand)
   (You found it on level 6 of the Dungeon)
 E - an uncursed ring of resist corrosion
   (You found it on level 7 of the Dungeon)
 G - a +4 ring of dexterity {unknown}
   (You found it on level 9 of the Dungeon)
 H - a +3 ring of intelligence {unknown}
   (You found it on level 8 of the Dungeon)
 I - a +5 ring of intelligence {unknown}
   (You found it on level 9 of the Dungeon)
Wands
 c - a wand of enslavement (15)
   (You took it off an orc priest on level 7 of the Dungeon)
 d - a wand of iceblast (4)
   (You took it off an orc wizard on level 9 of the Dungeon)
 q - a wand of polymorph (9)
   (You found it on level 3 of the Dungeon)
 v - a wand of digging (1)
   (You took it off Jessica on level 2 of the Dungeon)
Scrolls
 a - 2 scrolls of teleportation {@r4}
 b - 2 scrolls of amnesia
 h - 7 scrolls of remove curse {@r2}
 j - a scroll of blinking {unknown}
 m - a scroll of noise {unknown}
 p - 2 scrolls of magic mapping
 t - a scroll of torment
 u - a scroll of fog {unknown}
 w - a scroll of immolation {unknown}
 C - a scroll of enchant armour {unknown}
 F - a scroll of brand weapon {unknown}
 M - a scroll of identify {@r1}
Potions
 f - a potion of invisibility
 g - 3 potions of ambrosia
 k - 5 potions of curing {@q1}
 B - a potion of resistance
 J - a potion of magic
 K - a potion of flight
 L - a potion of haste {@q3}
Comestibles
 e - 17 rations {!d}


   Skills:
 + Level 8.3 Fighting
 - Level 1.7 Dodging
 - Level 2.1 Stealth
 + Level 8.2 Unarmed Combat
 + Level 6.6 Spellcasting
 - Level 0.8 Transmutations
 + Level 9.0 Earth Magic
 + Level 7.0 Invocations


You had 12 spell levels left.
You knew the following spells:

 Your Spells              Type           Power        Failure   Level  Hunger
a - Sandblast             Erth           ####..       1%          1    None
b - Lee's Rapid Deconstr  Erth           ####......   4%          5    ######.
q - Passwall              Tmut/Erth      ###.....     1%          2    #......
x - Stone Arrow           Conj/Erth      ###...       3%          3    ###....

Your spell library contained the following spells:

 Spells                   Type           Power        Failure   Level  Hunger
 Petrify                  Tmut/Erth      ###.....     9%          4    ####...


Dungeon Overview and Level Annotations

Branches:
Dungeon (10/15)            Temple (1/1) D:5            Lair (0/6) D:8
    Orc: D:9-12

Altars:
Ashenzari
Cheibriados
Dithmenos
Elyvilon
Fedhas
Gozag
Hepliaklqana
Kikubaaqudgha
Makhleb
Nemelex Xobeh
Okawaru
Qazlal
Ru
Sif Muna
Trog
Uskayaw
Vehumet
Wu Jian
Xom
Yredelemnul
The Shining One

Annotations:
D:7 exclusions: downstairs and oklob plant, Harold


Innate Abilities, Weirdness & Mutations

Your body is rotting away.
You thrive on raw meat.
You are immune to poison.
You have sharp fingernails.
You are carnivorous and can eat meat at any time.
Your flesh is cold resistant. (rC+)
You are immune to negative energy. (rN+++)
You do not regenerate when monsters are visible.
You are immune to unholy pain and torment.
You can survive without breathing.


Message History

You hit the big kobold. The big kobold hits you!
* * * LOW HITPOINT WARNING * * *
All of the chunks of flesh in your inventory have rotted away.
You punch the big kobold!
You kill the big kobold!
Yredelemnul accepts your kill.
Your Invocations skill increases to level 7!
You completely miss the wraith. The wraith hits you.
* * * LOW HITPOINT WARNING * * *
The wraith drains your vigour!
You feel yourself slow down.
You hit the wraith. The wraith hits you!
* * * LOW HITPOINT WARNING * * *
The wraith drains your vigour!
You feel as though you will be slow longer.
You hit the wraith but do no damage. The wraith hits you!
* * * LOW HITPOINT WARNING * * *
The wraith drains your vigour!
You feel as though you will be slow longer.
You feel better. The wraith hits you!
* * * LOW HITPOINT WARNING * * *
The wraith drains your vigour!
You feel as though you will be slow longer.
The wraith hits you but does no damage.
Your magical contamination has completely faded away.
Okay, then.
Here: a wraith A big kobold corpse.
There is something else lying underneath.
The floor, spattered with blood.
Okay, then.
As you read the scroll of teleportation {@r4}, it crumbles to dust.
You feel strangely unstable. The wraith misses you.
Unknown command.
The wraith hits you.
* * * LOW HITPOINT WARNING * * *
The wraith drains your vigour!
You feel as though you will be slow longer.
Your surroundings suddenly seem different.
Unknown command.
Nothing appears to have answered your call.
The wight hits you but does no damage.
Okay, then.
You barely miss the wight. You punch the wight.
The wight hits you with a +0 dire flail.
* * * LOW HITPOINT WARNING * * *
You hit the wight but do no damage.
The wight hits you with a +0 dire flail!
You die...
Yredelemnul claims you as an undead slave.

#.........
##.........
..........#
.........#
#........#
#........#
#.z......#
#.@......#
#........#
#........#
..........
...........
############


You could see a wight.

Vanquished Creatures
  A deep elf mage (D:10)
  2 trolls (D:9)
  2 hippogriffs (D:9)
  A spriggan (D:10)
  13 yaks
  A human (D:10)
  A wraith (D:9)
  3 orc warriors
  2 ice beasts
  An ogre (D:8)
  An eye of draining (D:8)
  A sky beast (D:10)
  A phantom (D:9)
  2 centaurs
  A big kobold (D:10)
  2 bullfrogs
  6 scorpions
  A wight (D:9)
  5 crimson imps
  A quasit (D:9)
  A bullfrog zombie (D:7)
  8 hounds
  5 jellies
  4 orc priests
  5 orc wizards
  Jessica (D:2)
  Terence (D:3)
  Natasha (twice) (D:2)
  2 iguanas
  9 worker ants
  A howler monkey zombie (D:6)
  10 adders
  11 gnolls
  2 river rats
  A shadow imp (D:7)
  17 oozes
  3 adder skeletons
  4 worms
  2 dart slugs (D:2)
  6 leopard geckos
  46 orcs
  2 ball pythons (D:1)
  A giant cockroach (D:2)
  10 goblins
  11 hobgoblins
  10 jackals
  4 quokkas
  7 bats
  4 frilled lizards
  9 kobolds
  A leopard gecko zombie (D:5)
  7 rats
255 creatures vanquished.

Vanquished Creatures (others)
  4 fungi (D:7)
  A plant (D:9)
5 creatures vanquished.

Grand Total: 260 creatures vanquished

Notes
Turn   | Place    | Note
-------+----------+-------------------------------------------
     0 | D:1      | MalarOregon the Ghoul Earth Elementalist began the quest
                  | for the Orb.
     0 | D:1      | Reached XP level 1. HP: 14/14 MP: 2/2
   205 | D:1      | Reached XP level 2. HP: 11/22 MP: 3/3
   627 | D:1      | Reached skill level 1 in Unarmed Combat
   726 | D:1      | Reached skill level 1 in Fighting
   789 | D:1      | Learned a level 2 spell: Passwall
  1063 | D:1      | Reached XP level 3. HP: 19/28 MP: 5/5
  1546 | D:2      | Reached XP level 4. HP: 35/36 MP: 6/6
  1629 | D:2      | Noticed Natasha
  1636 | D:2      | Killed Natasha
  1636 | D:2      | Reached skill level 4 in Earth Magic
  2023 | D:2      | Reached XP level 5. HP: 9/41 MP: 7/7
  2186 | D:2      | Noticed Jessica
  2195 | D:2      | Killed Jessica
  2421 | D:2      | Noticed Natasha
  2435 | D:2      | Killed Natasha
  2572 | D:2      | Reached XP level 6. HP: 50/50 MP: 7/9
  3434 | D:3      | Noticed Terence
  3489 | D:3      | Found a hazy altar of Hepliaklqana.
  3879 | D:3      | Killed Terence
  3963 | D:3      | Learned a level 3 spell: Stone Arrow
  3969 | D:3      | Learned a level 5 spell: Lee's Rapid Deconstruction
  4290 | D:4      | Reached skill level 5 in Earth Magic
  4850 | D:4      | Reached XP level 7. HP: 57/57 MP: 1/10
  5048 | D:4      | Found a deep blue altar of Sif Muna.
  5900 | D:5      | Entered Level 5 of the Dungeon
  6532 | D:5      | Found a staircase to the Ecumenical Temple.
  6830 | Temple   | Entered the Ecumenical Temple
  7055 | Temple   | Became a worshipper of Yredelemnul the Dark
  7173 | D:6      | Found a glowing golden altar of the Shining One.
  7350 | D:6      | Found a shimmering altar of Xom.
  7628 | D:5      | Reached skill level 1 in Invocations
  7838 | D:6      | Reached XP level 8. HP: 51/58 MP: 7/12
  8029 | D:6      | Found an opulent altar of Gozag.
  8585 | D:6      | Reached skill level 6 in Earth Magic
  8994 | D:7      | Reached * piety under Yredelemnul
  8994 | D:7      | Reached skill level 5 in Fighting
  9165 | D:7      | Reached skill level 5 in Unarmed Combat
  9533 | D:7      | Noticed Harold
  9563 | D:7      | Noticed an oklob plant
  9637 | D:7      | Found a shattered altar of Ashenzari.
  9967 | D:7      | Reached XP level 9. HP: 74/74 MP: 9/15
 11000 | D:8      | Reached ** piety under Yredelemnul
 11379 | D:8      | Reached skill level 5 in Spellcasting
 11457 | D:8      | Reached skill level 7 in Earth Magic
 11479 | D:8      | Found a staircase to the Lair.
 11479 | D:8      | Noticed a death yak
 11479 | D:8      | Noticed a death yak
 12363 | D:9      | Noticed a troll
 12372 | D:9      | Killed a troll
 12386 | D:9      | Noticed a troll
 12395 | D:9      | Killed a troll
 12651 | D:9      | Reached skill level 5 in Invocations
 12838 | D:9      | Reached XP level 10. HP: 53/84 MP: 7/17
 13396 | D:9      | Reached skill level 8 in Earth Magic
 14705 | D:10     | Entered Level 10 of the Dungeon
 15131 | D:10     | Noticed a deep elf mage
 15140 | D:10     | Killed a deep elf mage
 15720 | D:10     | Reached XP level 11. HP: 63/94 MP: 9/19
 15938 | D:10     | Reached skill level 9 in Earth Magic
 15960 | D:10     | Mangled by a wight

Skill      XL: |  1  2  3  4  5  6  7  8  9 10 11 |
---------------+----------------------------------+-----
Spellcasting   | 2 3 4 5 6 |  6.6
Unarmed Combat | 1 2 3 4 5 6 8 |  8.2
Fighting       | 1 2 3 4 5 6 8 |  8.3
Earth Magic    | 4 5 6 7 8 9 |  9.0
Invocations    | 1 3 5 6 7 |  7.0
Dodging        | |  1.7
Stealth        | |  2.1
Transmutations | |  0.8

Action                   |  1- 3 |  4- 6 |  7- 9 | 10-12 || total
-------------------------+-------+-------+-------+-------++-------
Melee: Unarmed           |   116 |   112 |   302 |   185 ||   715
       Punch             |       |     1 |     3 |     7 ||    11
 Cast: Sandblast         |     6 |   107 |   189 |    27 ||   329
       Stone Arrow       |       |     7 |    41 |    49 ||    97
       Passwall          |       |       |     1 |       ||     1
       Lee's Rapid Decon |       |       |     1 |     7 ||     8
Invok: Injury Mirror     |       |       |     1 |       ||     1
       Recall Undead Sla |       |       |       |     1 ||     1
Evoke: Wand              |       |       |     1 |       ||     1
  Use: Scroll            |       |     4 |     8 |     3 ||    15
       Potion            |       |       |     8 |     4 ||    12
 Stab: Sleeping          |     2 |     1 |     1 |     1 ||     5
       Invisible         |       |       |     1 |     7 ||     8
  Eat: Chunk             |    12 |     9 |    29 |    24 ||    74
       Ration            |       |     1 |     4 |     1 ||     6
Armor: Robe              |    29 |    21 |    86 |    29 ||   165
Dodge: Dodged            |    64 |   122 |   168 |   118 ||   472
Block: Other             |       |     1 |    96 |    47 ||   144
       Reflection        |       |       |     1 |       ||     1
